 Dungeon Crawl Stone Soup version 0.31.0-12-g77e489cdc1 (webtiles) character file.

Game seed: 1827602405667975081

69941 Gadfly the Basher (level 15, 0/94 HPs)
             Began as a Gargoyle Fighter on Mar 7, 2024.
             Was a High Priest of the Shining One.
             Killed by divine providence
             ... invoked by an orc priest
              (7 damage)
             ... on level 2 of the Orcish Mines.
             The game lasted 00:34:12 (18280 turns).

Gadfly the Basher (Gargoyle Fighter)               Turns: 18280, Time: 00:34:14

Health: 0/94       AC: 34    Str: 25    XL:     15   Next: 31%
Magic:  0/29       EV: 15    Int:  9    God:    the Shining One [*****.]
Gold:   1856       SH: 19    Dex: 11    Spells: 12/14 levels left

rFire   . . .        a - +4 morningstar (protect)
rCold   . . .        m - +0 kite shield
rNeg    + + +        F - +5 moon troll leather armour {Spirit, Regen++ MP+5}
rPois   ∞            e - +2 hat
rElec   +            B - +0 cloak
rCorr   .            (no gloves)
SInv    +            D - +2 pair of boots
Will    +....        L - brooch of Shielding {Spirit SH+8}
Stlth   +            i - +5 ring of evasion
HPRegen 1.95/turn    p - ring of see invisible
MPRegen 0.21/turn

%: guardian spirit
@: under a protective aura, flying, glowing, studying 2 skills
A: sickness immunity, AC +11, big wings, negative energy resistance 1,
electricity resistance, torment resistance 1, petrification resistance, wild
magic 1, inability to drink after injury 1
a: Renounce Religion, Divine Shield, Cleansing Flame, Summon Divine Warrior


You were on level 2 of the Orcish Mines.
You worshipped the Shining One.
The Shining One was extremely pleased with you.
You visited 4 branches of the dungeon, and saw 19 of its levels.
You also visited: Bailey and Ice Cave.

You collected 2998 gold pieces.
You spent 1142 gold pieces at shops.

Inventory:

Hand Weapons
 a - a +4 morningstar of protection (weapon)
 b - the +8 mace "Reczimet" {heavy, rF+}
   (You found it on level 10 of the Dungeon)

   rF+:       It protects you from fire.
 I - the +9 hand axe of Iconoclasm {freeze, rCorr Int+2}
   (You found it on level 4 of the Dungeon)

   Int+2:     It affects your intelligence (+2).
   rCorr:     It protects you from acid and corrosion.
Armour
 e - a +2 hat (worn)
 j - a +0 plate armour
 m - a +0 kite shield (worn)
 B - a +0 cloak (worn)
 D - a +2 pair of boots (worn)
 F - the +5 moon troll leather armour (worn) {Spirit, Regen++ MP+5}
   (You found it in a bailey)

   MP+5:      It affects your magic capacity (+5).
   Regen++:   It increases your rate of health regeneration.
 J - a +1 chain mail of cold resistance
Jewellery
 i - a +5 ring of evasion (left hand)
 p - a ring of see invisible (right hand)
 x - an amulet of reflection
 H - a ring of ice
 L - the brooch of Shielding (around neck) {Spirit SH+8}
   (You bought it in a shop on level 8 of the Dungeon)

   [amulet of guardian spirit]

   Spirit:    It causes incoming damage to be divided between your reserves of
   health and magic.
   SH+8:      It affects your SH (+8).
Wands
 l - a wand of polymorph (14)
 q - a wand of mindburst (18)
 s - a wand of charming (19)
 y - a wand of iceblast (9)
 M - a wand of flame (9) (quivered)
Scrolls
 o - 4 scrolls of enchant armour
 r - 5 scrolls of enchant weapon
 t - 6 scrolls of teleportation
 A - 4 scrolls of revelation
 C - 3 scrolls of fear
 G - 4 scrolls of fog
 N - a scroll of blinking
 O - a scroll of vulnerability
 Q - a scroll of poison
Potions
 d - 4 potions of might
 f - a potion of mutation
 g - 3 potions of berserk rage
 h - 3 potions of heal wounds
 k - a potion of resistance
 n - 10 potions of curing
 w - 5 potions of enlightenment
 z - 2 potions of ambrosia
 E - 2 potions of lignification
 P - a potion of attraction
 R - a potion of haste
Miscellaneous
 K - a lightning rod (4/4)


   Skills:
 + Level 11.1 Fighting
 * Level 13.2 Maces & Flails
 + Level 12.0 Armour
 + Level 12.1 Shields
 + Level 12.5 Invocations
 + Level 10.5 Evocations


You had 12 spell levels left.
You knew the following spells:

 Your Spells              Type           Power      Damage    Failure   Level
a - Blink                 Tloc           0%         N/A       78%         2

Your spell library contained the following spells:

 Spells                   Type           Power      Damage    Failure   Level
 Magic Dart               Conj           0%         1d3       65%         1
 Sandblast                Erth           0%         2d4       65%         1
 Slow                     Hex            0%         N/A       65%         1
 Ensorcelled Hibernation  Hex/Ice        0%         N/A       78%         2
 Lesser Beckoning         Tloc           0%         N/A       78%         2
 Momentum Strike          Conj/Tloc      0%         3d8       78%         2
 Searing Ray              Conj           0%         2d4       78%         2
 Confusing Touch          Hex            0%         N/A       95%         3
 Fugue of the Fallen      Necr           0%         N/A       95%         3
 Gell's Gravitas          Tloc           0%         N/A       95%         3
 Passwall                 Erth           0%         N/A       95%         3
 Sigil of Binding         Hex            0%         N/A       95%         3
 Stone Arrow              Conj/Erth      0%         3d7       95%         3
 Teleport Other           Tloc           0%         N/A       95%         3
 Vampiric Draining        Necr           0%         2d6       95%         3
 Anguish                  Hex/Necr       0%         N/A       100%        4
 Brom's Barrelling Bould  Conj/Erth      0%         2d3       100%        4
 Fulminant Prism          Conj/Alch      0%         3d5       100%        4
 Summon Blazeheart Golem  Fire/Summ      0%         N/A       100%        4
 Sculpt Simulacrum        Ice/Alch       0%         N/A       100%        6
 Orb of Destruction       Conj           0%         9d5       100%        7
 Ozocubu's Refrigeration  Ice            0%         4d7       100%        7
 Spellforged Servitor     Conj/Summ      0%         N/A       100%        7
 Polar Vortex             Ice            0%         N/A       100%        9


Dungeon Overview and Level Annotations

Branches:
Dungeon (11/15)            Temple (1/1) D:5            Lair (5/5) D:8
  Swamp (0/4) Lair:3        Snake (0/4) Lair:3        Slime (0/5) Lair:5
    Orc (2/2) D:11         Bailey (visited)           IceCv (visited)
    Elf: Orc:2

Altars:
Ashenzari
Cheibriados
Dithmenos
Elyvilon
Fedhas
Gozag
Hepliaklqana
Kikubaaqudgha
Makhleb
Nemelex Xobeh
Okawaru
Qazlal
Ru
Sif Muna
Trog
Uskayaw
Vehumet
Wu Jian
Xom
Yredelemnul
Zin
The Shining One
Jiyva

Shops:
D:8 *?(!=   Orc:2 (!


Innate Abilities, Weirdness & Mutations

You are immune to sickness and miasma.
Your stone body is resilient. (AC +11)
You are immune to poison.
Your large and strong wings let you fly.
You resist negative energy. (rN+)
You are resistant to electric shocks. (rElec)
You are resistant to unholy torment.
You are immune to petrification.
Your spells are a little harder to cast, but a little more powerful.
You occasionally lose the ability to drink potions when taking damage.


Message History

The orc knight closely misses you. You block the orc priest's attack.
The orc knight hits you with a +3 dire flail of protection.
You hit the orc knight.
The orc knight is almost dead.
The orc knight completely misses you.
The orc priest calls down the wrath of Beogh upon you.
You are unaffected.
You block the orc knight's attack.
You hit the orc knight but do no damage.
The orc knight is almost dead.
You barely miss the orc knight.
The orc knight is almost dead.
The orc knight hits you with a +0 battleaxe!
The orc priest misses you.
The orc knight hits you with a +3 dire flail of protection!!
* * * LOW HITPOINT WARNING * * *
You are too injured to fight recklessly!
You are too injured to fight recklessly!
You are too injured to fight recklessly!
You are too injured to fight recklessly!
You are too injured to fight recklessly!
You are too injured to fight recklessly!
You are too injured to fight recklessly!
You are too injured to fight recklessly!
You are too injured to fight recklessly!
You are too injured to fight recklessly!
You are too injured to fight recklessly!
You are too injured to fight recklessly!
You are too injured to fight recklessly!
You are too injured to fight recklessly!
You are too injured to fight recklessly!
Unknown command.
The orc knight attacks as it pursues you!
You block the orc knight's attack.
You barely miss the orc knight.
The orc knight is almost dead.
The orc knight hits you with a +0 battleaxe!!
* * * LOW HITPOINT WARNING * * *
The orc priest calls down the wrath of Beogh upon you.
Beogh smites you!
You die...

#################
####.......#∩..#..∩# ########
§..#.##'##.#...#...# #..~≈≈≈#
§.)'.#...#.#)))#..o# +..~O≈≈≈
≈.)###...#)##'###o## #..O≈≈≈≈
####.'._.)......@..+ #######≈
#.#...###'############ ##≈≈ ##
#.#...#.....#..###...# ###≈≈≈
.#
#.#####....)#)......#####≈≈#≈≈
.###.#
#..⌠..).........##≈≈≈≈≈≈
.).'.#
#.....#)........###~~~≈≈
.#####
#.....#.........P♣.~~~~~ .#
#######.............~~~# ##
##....))...........♣...~#


You could see an orc knight (strong) and an orc priest (strong).

Vanquished Creatures
  Donald (Orc:2)
  The ghost of hexenhour the Cleaver, a journeyman DrBe of Trog (Lair:1)
  The ghost of Mesiumm the Martial Artist, a journeyman DsGl of Kikubaaqudgha (Lair:1)
  Josephine (Lair:4)
  Harold (Lair:2)
  3 hydras
  4 catoblepae
  5 death yaks (Lair:5)
  4 two-headed ogres
  A skyshark (Lair:3)
  2 bog bodies
  4 orc knights
  2 oklob plants
  A salamander (Lair:3)
  2 wolf spiders (Lair:3)
  A lindwurm (Lair:5)
  A necromancer (IceCv)
  2 orc sorcerers (Orc:2)
  2 manticores (Lair:5)
  A cyclops (Orc:1)
  24 elephants
  2 kobold blastminers
  3 black mambas
  2 gargoyles
  2 ice statues (IceCv)
  11 cane toads
  3 rime drakes
  10 komodo dragons
  A kobold demonologist (D:10)
  6 ice devils (IceCv)
  3 anaconda simulacra (IceCv)
  5 trolls
  Grinder (D:5)
  A hornet (D:8)
  12 blink frogs
  A shadow (D:10)
  A vampire (D:11)
  6 basilisks
  2 steam dragons
  65 yaks
  5 wraiths
  A dire elephant simulacrum (IceCv)
  A death yak simulacrum (IceCv)
  5 wargs
  3 nagas (Lair:3)
  4 harpy simulacra (IceCv)
  2 acid dragons (D:8)
  2 hydra simulacra (IceCv)
  15 water moccasins
  Duvessa (D:4)
  29 orc warriors
  A swamp drake (D:11)
  15 wolves
  11 ogres
  4 centaurs
  4 phantoms
  5 kobold brigands (Bailey)
  2 gnoll sergeants
  A cane toad simulacrum (IceCv)
  14 bullfrogs
  2 scorpions (D:6)
  3 wights
  2 two-headed ogre simulacra (IceCv)
  Dowan (D:4)
  An elephant simulacrum (IceCv)
  18 killer bees
  An electric eel (Lair:2)
  3 howler monkeys
  14 jellies
  19 orc priests
  7 iguanas
  25 orc wizards
  7 gnolls
  7 adders
  12 white imps (Lair:1)
  An ufetubus (IceCv)
  3 ribbon worms
  3 dart slugs
  92 orcs
  5 bats
  9 endoplasms
  3 giant cockroaches
  13 goblins
  7 hobgoblins
  6 jackals
  4 quokkas
  5 ball pythons
  5 frilled lizards
  16 kobolds
  2 rats
622 creatures vanquished.

Notes
Turn   | Place    | Note
-------+----------+-------------------------------------------
     0 | D:1      | Gadfly the Gargoyle Fighter began the quest for the Orb.
     0 | D:1      | Reached XP level 1. HP: 14/14 MP: 1/1
   106 | D:1      | Reached XP level 2. HP: 19/19 MP: 2/2
   273 | D:1      | Reached skill level 1 in Invocations
   314 | D:1      | Reached XP level 3. HP: 21/23 MP: 3/3
   682 | D:2      | Reached skill level 1 in Evocations
  1028 | D:2      | Reached XP level 4. HP: 24/28 MP: 5/5
  1573 | D:3      | Reached XP level 5. HP: 15/33 MP: 6/6
  1993 | D:3      | Reached skill level 3 in Maces & Flails
  2296 | D:4      | Reached XP level 6. HP: 31/38 MP: 6/8
  2385 | D:4      | Identified the +9 hand axe of Iconoclasm {freeze, rCorr
                  | Int+2}
  2638 | D:4      | Noticed Duvessa
  2638 | D:4      | Noticed Dowan
  2647 | D:4      | Killed Duvessa
  2649 | D:4      | Killed Dowan
  2650 | D:4      | Reached XP level 7. HP: 23/43 MP: 9/9
  2772 | D:4      | Found a sparkling altar of Nemelex Xobeh.
  2811 | D:4      | Reached skill level 4 in Maces & Flails
  3377 | D:4      | Learned a level 2 spell: Blink
  3401 | D:5      | Entered Level 5 of the Dungeon
  3701 | D:5      | Found a staircase to the Ecumenical Temple.
  3765 | Temple   | Entered the Ecumenical Temple
  3786 | Temple   | Became a worshipper of the Shining One
  3800 | D:5      | Noticed Grinder
  3822 | D:5      | Killed Grinder
  3823 | D:5      | Reached XP level 8. HP: 36/48 MP: 11/11
  4347 | D:6      | Found a white marble altar of Elyvilon.
  4444 | D:6      | Found a radiant altar of Vehumet.
  4468 | D:6      | Reached skill level 5 in Fighting
  4468 | D:6      | Reached skill level 5 in Maces & Flails
  4468 | D:6      | Reached skill level 5 in Invocations
  4609 | D:6      | Reached skill level 5 in Armour
  4609 | D:6      | Reached skill level 5 in Shields
  4846 | D:7      | Noticed a +0 dagger
  4846 | D:7      | Noticed a +0 falchion
  4846 | D:7      | Noticed a +0 short sword
  4846 | D:7      | Reached * piety under the Shining One
  4848 | D:7      | Noticed a +0 spear
  4848 | D:7      | Noticed a +0 falchion
  4868 | D:7      | Found a hide-covered altar of Uskayaw.
  4868 | D:7      | Noticed a +0 short sword
  4869 | D:7      | Noticed a +0 dagger
  4870 | D:7      | Noticed a +0 spear
  4930 | D:7      | Found a basalt altar of Yredelemnul.
  4931 | D:7      | Found an ornate altar of the Wu Jian Council.
  4935 | D:7      | Found an ancient bone altar of Kikubaaqudgha.
  4936 | D:7      | Found a burning altar of Makhleb.
  4937 | D:7      | Found an iron altar of Okawaru.
  5009 | D:7      | Reached XP level 9. HP: 48/54 MP: 13/13
  5124 | D:7      | Found a broken altar of Ashenzari.
  5492 | D:7      | Found a snail-covered altar of Cheibriados.
  5546 | D:8      | Reached skill level 6 in Maces & Flails
  5589 | D:8      | Found a staircase to the Lair.
  5612 | D:8      | Noticed a komodo dragon
  5622 | D:8      | Killed a komodo dragon
  5623 | D:8      | Reached skill level 5 in Evocations
  5625 | D:8      | Reached ** piety under the Shining One
  5991 | D:8      | Found Furhux's Distillery.
  6002 | D:8      | Bought a potion of enlightenment for 55 gold pieces
  6014 | D:8      | Noticed a hornet
  6030 | D:8      | Killed a hornet
  6037 | D:8      | Reached XP level 10. HP: 17/60 MP: 15/15
  6138 | D:8      | Noticed a two-headed ogre
  6188 | D:8      | Killed a two-headed ogre
  6189 | D:8      | Reached skill level 7 in Maces & Flails
  6491 | D:8      | Found Byterr's Magic Scroll Shop.
  6499 | D:8      | Bought a scroll of fear for 40 gold pieces
  6499 | D:8      | Bought a scroll of revelation for 75 gold pieces
  6598 | D:8      | Found a hazy altar of Hepliaklqana.
  6663 | D:8      | Found Azot's Assorted Antiques.
  6666 | D:8      | Bought an orange potion for 29 gold pieces
  6666 | D:8      | Bought a scroll labelled KIP EK QYLOWK for 33 gold pieces
  6714 | D:8      | Found Riroc Jutud's Antique Weapon Shop.
  6786 | D:8      | Found Zezimeel's Jewellery Shoppe.
  7047 | D:9      | Found a flagged portal.
  7070 | Bailey   | Entered a bailey
  7165 | Bailey   | Found the +5 moon troll leather armour {Spirit, Regen++
                  | MP+5}
  7174 | Bailey   | Found a burning altar of Makhleb.
  7526 | D:9      | Noticed a gargoyle
  7547 | D:9      | Killed a gargoyle
  7787 | D:9      | Reached skill level 8 in Maces & Flails
  7790 | D:9      | Reached XP level 11. HP: 67/67 MP: 17/17
  8159 | D:10     | Entered Level 10 of the Dungeon
  8232 | D:10     | Reached *** piety under the Shining One
  8262 | D:10     | Identified the +8 mace "Reczimet" {heavy, rF+}
  8686 | D:10     | Noticed a two-headed ogre
  8692 | D:10     | Killed a two-headed ogre
  9005 | D:11     | Found an iron altar of Okawaru.
  9264 | D:11     | Found a staircase to the Orcish Mines.
  9581 | D:11     | Noticed a two-headed ogre
  9587 | D:11     | Killed a two-headed ogre
  9875 | Lair:1   | Entered Level 1 of the Lair of Beasts
  9959 | Lair:1   | Reached skill level 9 in Maces & Flails
 10100 | Lair:1   | Found a frozen archway.
 10100 | Lair:1   | Reached **** piety under the Shining One
 10108 | Lair:1   | Reached XP level 12. HP: 73/73 MP: 19/19
 10148 | IceCv    | Entered an ice cave
 10189 | IceCv    | Reached ***** piety under the Shining One
 10272 | IceCv    | Reached skill level 10 in Invocations
 11012 | Lair:1   | Reached ****** piety under the Shining One
 11029 | Lair:1   | Reached skill level 10 in Maces & Flails
 11158 | Lair:1   | Identified a scroll of acquirement
 11315 | D:8      | Bought the brooch of Shielding {Spirit SH+8} for 910 gold
                  | pieces
 11315 | D:8      | Found the brooch of Shielding {Spirit SH+8}
 11317 | D:8      | Acquired 751 gold pieces
 11744 | Lair:1   | Found a runed translucent gate.
 11744 | Lair:1   | Found a runed translucent gate.
 11744 | Lair:1   | Found a runed translucent gate.
 11776 | Lair:1   | Noticed hexenhour's ghost (journeyman DrBe)
 11776 | Lair:1   | Noticed Mesiumm's ghost (journeyman DsGl)
 12039 | Lair:1   | Killed hexenhour's ghost
 12059 | Lair:1   | Killed Mesiumm's ghost
 12060 | Lair:1   | Reached XP level 13. HP: 80/80 MP: 21/21
 12447 | Lair:2   | Noticed Harold
 12455 | Lair:2   | Killed Harold
 12933 | Lair:3   | Found a staircase to the Swamp.
 13134 | Lair:3   | Reached skill level 11 in Maces & Flails
 13344 | Lair:3   | Found a staircase to the Snake Pit.
 13620 | Lair:3   | Identified the +10 trident of the Blowfly {protect, rN+}
 13897 | Lair:3   | Found a sparkling altar of Nemelex Xobeh.
 14031 | Lair:4   | Noticed Josephine
 14132 | Lair:3   | Reached skill level 10 in Armour
 14232 | Lair:4   | Killed Josephine
 14241 | Lair:4   | Reached skill level 10 in Shields
 14286 | Lair:4   | Gained mutation: Your large and strong wings let you fly.
                  | [Gargoyle growth]
 14286 | Lair:4   | Reached XP level 14. HP: 87/87 MP: 20/22
 14297 | Lair:4   | Reached skill level 10 in Fighting
 14481 | Lair:4   | Reached skill level 12 in Maces & Flails
 15283 | Lair:5   | Entered Level 5 of the Lair of Beasts
 15421 | Lair:5   | Reached skill level 10 in Evocations
 15448 | Lair:5   | Found a viscous altar of Jiyva.
 15450 | Lair:5   | Found a staircase to the Slime Pits.
 16645 | Lair:5   | Acquired a manual of Shields
 16872 | Orc:1    | Entered Level 1 of the Orcish Mines
 16912 | Orc:1    | Reached XP level 15. HP: 76/93 MP: 21/24
 17502 | Orc:2    | Entered Level 2 of the Orcish Mines
 17745 | Orc:2    | Reached skill level 13 in Maces & Flails
 17837 | Orc:2    | Noticed Donald
 17848 | Orc:2    | Killed Donald
 18117 | Orc:2    | Gained mutation: Your spells are a little harder to cast,
                  | but a little more powerful. [a neqoxec]
 18124 | Orc:2    | Gained mutation: You occasionally lose the ability to drink
                  | potions when taking damage. [a neqoxec]
 18229 | Orc:2    | Found Kikhliekk's Weapon Emporium.
 18263 | Orc:2    | Found Ror Rite's Distillery.
 18280 | Orc:2    | Killed from afar by an orc priest

Illustrated notes

Levels and vault maps discovered:
D:1:      scummos_arrival_forest, layout_rooms, serial_bayou_pond_c
D:2:      layout_loops_ring
D:3:      layout_basic
D:4:      layout_basic, nemelex_diamond_rough_becter, serial_aquarium,
          aquarium_bridge_square [aquarium_subvault_bridge,
          aquarium_subvault_wall, aquarium_subvault_balcony,
          aquarium_subvault_window], aquarium_window_fake, aquarium_window_fake,
          aquarium_window_1, aquarium_view_2a, aquarium_view_2e,
          aquarium_balcony_3a, uniq_duvessa
D:5:      layout_basic, temple_statues, grunt_decor_junction, uniq_grinder
D:6:      layout_cave_pools, mainiacjoe_overflow_alcove_4, kennysheep_mini
D:7:      layout_basic, mainiacjoe_overflow_24_doors, chei_slow_surprise,
          nicolae_uskayaw_en_pointe, grunt_temple_overflow_open,
          nicolae_figureground_sparkle
D:8:      hangedman_cross_stitches, layout_loops_ring,
          mainiacjoe_overflow_alcove_1, dpeg_oklobed_lair, serial_shops,
          nicolae_shop_tiny_real_fake_doors, nicolae_shop_tiny_glass, shop,
          nicolae_shop_trees, nicolae_shop_industrial_runoff
D:9:      layout_cave_pods, enter_bailey_5
D:10:     layout_small_grid, st_stairs_5
D:11:     layout_stronghold, erik_orc_1, okawaru_gym_becter
Temple:   hellmonk_temple_micro_hex
Lair:1:   minmay_lair_oklob_chamber, layout_loops_ring,
          portal_ice_cave_entry_imps, gammafunk_ghost_cemetery
Lair:2:   layout_regular_city, serial_bayou_lagoon_b, grunt_megastairs_4,
          lemuel_fruit_fields, uniq_harold
Lair:3:   layout_cave_pods, skrybe_swamp_entry_bodies,
          alex1729_snake_entry_snake, basic_altar,
          nicolae_lair_run_with_the_wolves
Lair:4:   layout_loops_ring, grunt_megastairs_5, uniq_josephine
Lair:5:   evilmike_catoblepas_cave, layout_regular_city,
          minmay_slime_entry_jelly_boxes
Orc:1:    layout_diamond_mine, basic_altar
Orc:2:    pubby_orc_utopia, serial_shops, uniq_donald

Skill      XL: |  1  2  3  4  5  6  7  8  9 10 11 12 13 14 15 |
---------------+----------------------------------------------+-----
Invocations    | 1 2 3 4 5 7 8 9 10 11 12 | 12.5
Evocations     | 1 2 3 4 5 6 8 9 10 | 10.5
Maces & Flails | 3 4 5 6 8 9 10 11 12 13 | 13.2
Fighting       | 4 5 6 7 8 9 10 11 | 11.1
Armour         | 4 5 6 7 8 10 11 12 | 12.0
Shields        | 4 5 6 7 8 10 11 12 | 12.1

Action                     |  1- 3 |  4- 6 |  7- 9 | 10-12 | 13-15 || total
---------------------------+-------+-------+-------+-------+-------++-------
  Melee: Flail             |   124 |    33 |       |       |       ||   157
         Morningstar       |       |    87 |       |   392 |  1200 ||  1679
         Hand axe          |       |    21 |   208 |   119 |       ||   348
         Mace              |       |       |       |   178 |    86 ||   264
  Evoke: Wand              |       |       |       |       |     4 ||     4
    Use: Scroll            |     2 |     5 |     9 |     7 |     3 ||    26
         Potion            |       |     3 |     1 |       |       ||     4
 Armour: Scale mail        |    44 |       |       |       |       ||    44
         Plate armour      |   102 |   198 |   150 |    86 |       ||   536
         Troll leather arm |       |       |       |   482 |  1057 ||  1539
  Dodge: Dodged            |    78 |    42 |    95 |   571 |  1212 ||  1998
  Block: Buckler           |    50 |    38 |    39 |   221 |   776 ||  1124
         Kite shield       |       |       |       |       |   116 ||   116
